 Dungeon Crawl Stone Soup version 0.15-a0-1472-ge546950 (console) character file.

50 Clarence the Chopper (level 3, -4/46 HPs)
             Began as a Hill Orc Berserker on June 13, 2014.
             Was a Believer of Trog.
             Slain by a gnoll
             ... wielding a +0,+0 spear
              (5 damage)
             ... on Level 2 of the Dungeon.
             The game lasted 00:08:50 (1570 turns).

Clarence the Chopper (Hill Orc Berserker)           Turns: 1570, Time: 00:08:51

HP  -4/46        AC  6     Str 25      XL: 3   Next: 79%
MP   3/3         EV 12     Int  7      God: Trog [**....]
Gold 116         SH  0     Dex 10      Spells:  0 memorised,  2 levels left

rFire  . . .     SeeInvis .     a - +0 hand axe
rCold  . . .     Clarity  .     b - +0 animal skin
rNeg   . . .     rCorr    .     (no shield)
rPois  .         rRot     .     e - +0 helmet
rElec  .         Spirit   .     j - +0 cloak
SustAb .         Warding  .     k - +1 pair of gloves
rMut   .         Stasis   .     (no boots)
Gourm  .                        (no amulet)
MR     .....                    (no ring)
                                r - cursed ring of loudness

@: mighty, berserking, very quick, not resistant to hostile enchantments,
extremely unstealthy
A: no striking features
a: Burn Spellbooks, Berserk, Trog's Hand, Renounce Religion


You were on level 2 of the Dungeon.
You worshipped Trog.
Trog was pleased with you.
You were hungry.

You visited 1 branch of the dungeon, and saw 2 of its levels.

You collected 116 gold pieces.

Inventory:

Hand weapons
 a - a +0,+0 hand axe (weapon)
 o - a +0,+0 flail
Missiles
 f - 73 bolts
 g - 31 sling bullets
 n - 52 stones (quivered)
 t - 5 bolts of penetration
Armour
 b - a +0 animal skin (worn)
 e - a +0 helmet (worn)
 j - a +0 cloak (worn)
 k - a +1 pair of gloves (worn)
Comestibles
 c - 2 meat rations
 d - 2 bread rations
 l - 3 fruits
 u - a chunk of gnoll flesh
Scrolls
 h - a scroll of remove curse
 i - a scroll of identify
 m - 5 scrolls of blinking
 s - a scroll of teleportation {unknown}
Jewellery
 r - a cursed ring of loudness (left hand)
Potions
 q - 2 potions of curing {unknown}


   Skills:
 - Level 3.6 Fighting
 + Level 5.1 Axes
 * Level 2.7 Armour
 + Level 2.1 Dodging
 + Level 0.1 Stealth


You had 2 spell levels left.
You didn't know any spells.

Dungeon Overview and Level Annotations

Branches:
Dungeon (2/15)

Altars:


Message History

You feel yourself speed up.
c - 2 meat rations (gained 1)
A gnoll comes into view. It is wielding a spear.
The gnoll shouts!
You hear a shout!
The gnoll throws a throwing net.
The throwing net hits you.
You become entangled in the net!
You see here a throwing net.
You struggle against the net.
The gnoll moves out of view.
A gnoll comes into view. It is wielding a club.
You slice into the net.
The gnoll shouts!
The gnoll moves out of view.
You cut the net and break free! You hit the gnoll.
The gnoll is lightly wounded.
The gnoll hits you with a spear.
You hit the gnoll.
The gnoll is lightly wounded.
You hit the gnoll.
The gnoll is moderately wounded.
You feel less exhausted. The gnoll hits you with a spear!
The gnoll closely misses you. The gnoll completely misses you.
You barely miss the gnoll.
The gnoll is lightly wounded.
The gnoll hits you from afar with a spear.
The gnoll barely misses you.
You closely miss the gnoll.
The gnoll is lightly wounded.
The gnoll misses you. The gnoll hits you with a club.
Drink which item? (? for menu, Esc to quit)
You feel very mighty all of a sudden.
The gnoll hits you from afar with a spear.
The gnoll completely misses you.
You slash the gnoll!
The gnoll is severely wounded.
The gnoll hits you from afar with a spear!
* * * LOW HITPOINT WARNING * * *
The gnoll misses you.
Use which ability? (? or * to list)
A red film seems to cover your vision as you go berserk!
You feel yourself moving faster!
You feel mighty!
You are feeling hungry.
The gnoll hits you from afar with a spear.
* * * LOW HITPOINT WARNING * * *
The gnoll hits you but does no damage.
You closely miss the gnoll.
The gnoll is severely wounded.
The gnoll hits you from afar with a spear.
You die...

▒▒▒ ∙∙▒ ▒ ∙∙▒ ∙∙▒
▒▒ ▒▒▒▒▒ ∙∙▒∙∙∙▒
▒▒∙
▒▒▒▒∙∙∙▒▒▒▒∙∙∙∙∙∙∙∙
▒∙∙ ▒∙∙∙∙∙∙▒∙@gg▒
▒∙∙ ▒∙∙∙∙∙∙∙∙▒▒▒▒
▒▒∙∙ ▒∙∙∙∙∙∙∙▒▒
▒▒∙∙∙ ▒▒▒▒▒∙∙∙▒
▒▒▒▒▒▒▒▒▒▒∙∙∙∙
▒∙∙∙▒
▒∙∙∙∙∙∙∙∙∙∙∙∙∙
▒▒)▒▒▒
▒▒▒∙∙∙∙∙▒▒∙∙∙∙▒▒
▒∙∙▒
▒▒▒∙∙∙∙∙∙∙▒▒∙∙∙∙▒▒
▒▒▒▒▒∙▒▒
▒∙∙∙∙∙∙∙∙∙▒▒∙∙∙∙▒▒
▒∙∙∙∙∙∙▒
▒∙▒∙∙∙▒[∙▒▒▒∙∙▒▒▒▒
▒∙∙∙∙∙∙▒
▒∙▒▒▒▒▒∙∙▒▒∙∙∙▒ ▒


You could see 2 gnolls.

Vanquished Creatures
  2 gnolls (D:2)
  A giant mite (D:2)
  2 giant geckos (D:1)
  An ooze (D:1)
  2 giant cockroaches (D:1)
  3 hobgoblins (D:1)
  A ball python (D:2)
  2 bats
  2 giant newts (D:1)
  3 goblins
  7 rats
26 creatures vanquished.

Notes
Turn   | Place    | Note
--------------------------------------------------------------
     0 | D:1      | Clarence, the Hill Orc Berserker, began the quest for the Orb.
     0 | D:1      | Reached XP level 1. HP: 19/19 MP: 1/1
   393 | D:1      | Reached XP level 2. HP: 26/26 MP: 2/2
   841 | D:2      | Acquired Trog's second power
  1106 | D:2      | Reached XP level 3. HP: 29/31 MP: 3/3
  1288 | D:2      | Reached skill level 5 in Axes
  1288 | D:2      | Reached skill level 2 in Dodging
  1569 | D:2      | HP: 1/46 [gnoll/spear (3)]
  1570 | D:2      | Slain by a gnoll

Action                   || total
-------------------------++-------
Melee: Hand axe          ||   100
Invok: Berserk           ||     3
  Use: Potion            ||     4
       Scroll            ||     3
